AoeStats
← The_Nameless

Oasis

507322823Analyzed
2v2 RM · 14d ago on Sep 17, 2026· 67m 21s· 4 players
Game mode
Random Map
Map size
Medium (4 player)
Population
200
Speed
Normal
Resources
Standard
Victory
Conquest
Starting age
Dark Age
Ending age
Imperial Age
RankedLock teamsTeams togetherTeam positionsShared explorationLock speedFull tech treeHidden civsTurbo modeCheats
Victory
Defeat
🇫🇷 Khmer · France
740
+16
🇨🇦 Saracens · Canada
686
+18
🇬🇧 Franks · United Kingdom
733
-17
🇬🇧 Goths · United Kingdom
733
-17
The_Nameless
10:57 Feudal Age
9:12 Loom
11:39 Double-Bit Axe
13:05 Wheelbarrow
17:07 Scale Barding Armor
17:12 Forging
22:39 Castle Age
22:59 Gold Mining
23:32 Bow Saw
23:48 Chain Barding Armor
24:04 Iron Casting
23:31 Husbandry
26:57 Gambesons
27:13 Squires
26:33 Pikeman
28:36 Scale Mail Armor
29:33 Hand Cart
30:30 Chain Mail Armor
33:47 Gold Shaft Mining
33:10 Stone Mining
40:46 Imperial Age
42:28 Plate Barding Armor
42:54 Blast Furnace
42:25 Plate Mail Armor
41:19 Cavalier
41:28 Capped Ram
42:34 Arson
45:22 Paladin
55:59 Light Cavalry
58:47 Chivalry
59:22 Conscription
ilovetodestroy
9:32 Feudal Age
10:38 Double-Bit Axe
11:07 Horse Collar
19:17 Castle Age
18:24 Stone Mining
18:27 Gold Mining
22:18 Stone Shaft Mining
27:12 Anarchy
28:21 Bow Saw
28:45 Squires
31:39 Heavy Plow
34:26 Imperial Age
34:36 Elite Huskarl
34:45 Capped Ram
40:18 Conscription
40:01 Perfusion
39:59 Pikeman
40:28 Onager
42:20 Halberdier
47:52 Caravan
52:39 Man-at-Arms
54:56 Forging
54:47 Scale Mail Armor
58:55 Iron Casting
58:36 Chain Mail Armor
67:34 Blast Furnace
Roubiz
5:14 Loom
11:23 Feudal Age
13:44 Wheelbarrow
20:07 Castle Age
20:32 Stone Mining
20:35 Gold Mining
22:13 Man-at-Arms
27:26 Horse Collar
27:39 Double-Bit Axe
28:51 Bow Saw
28:44 Heavy Plow
35:03 Imperial Age
33:40 Hand Cart
35:23 Gold Shaft Mining
35:27 Stone Shaft Mining
36:35 Caravan
36:08 Elite Ballista Elephant
38:37 Crop Rotation
39:17 Chemistry
38:38 Ballistics
38:15 Murder Holes
38:12 Heavy Scorpion
40:22 Double Crossbow
40:35 Town Watch
40:59 Long Swordsman
41:00 Pikeman
46:05 Fletching
46:20 Scale Barding Armor
46:26 Forging
46:17 Scale Mail Armor
45:49 Two-Handed Swordsman
45:51 Halberdier
45:53 Elite Battle Elephant
49:39 Tusk Swords
54:36 Town Patrol
55:57 Chain Barding Armor
56:13 Iron Casting
55:54 Chain Mail Armor
55:35 Bodkin Arrow
55:40 Padded Archer Armor
JOSHNOOBLE
12:07 Feudal Age
12:48 Double-Bit Axe
12:46 Horse Collar
20:02 Castle Age
19:55 Stone Mining
20:37 Loom
21:14 Bow Saw
21:49 Heavy Plow
22:37 Gold Mining
23:55 Fletching
24:11 Scale Barding Armor
24:17 Forging
24:48 Wheelbarrow
24:56 Gold Shaft Mining
25:19 Ballistics
25:40 Bodkin Arrow
27:53 Bimaristan
28:02 Hand Cart
31:41 Chain Barding Armor
32:52 Iron Casting
33:06 Bloodlines
32:57 Husbandry
35:00 Treadmill Crane
35:16 Murder Holes
41:21 Caravan
45:56 Imperial Age
44:26 Fortified Wall
45:31 Light Cavalry
46:43 Capped Ram
47:53 Conscription
47:00 Elite Mameluke
49:39 Chemistry
48:46 Siege Engineers
49:43 Blast Furnace
49:21 Plate Barding Armor
49:49 Hoardings
48:38 Siege Ram
50:38 Two-Man Saw
50:15 Counterweights
50:52 Fervor
51:06 Sanctity
Connection lost

Rejoining the realm…

Still unreachable

The connection could not be restored.

Session expired

The server has moved on; the page needs a fresh start.